 Dungeon Crawl Stone Soup version 0.18.1-50-g88ac8fd (webtiles) character file.

81 WhiskeyPanda the Sneak (level 4, 0/42 HPs)
             Began as a Troll Assassin on Sept 15, 2016.
             Was an Initiate of Fedhas.
             Slain by a gnoll (4 damage)
             ... on level 3 of the Dungeon on Sept 23, 2016.
             The game lasted 00:12:14 (1549 turns).

WhiskeyPanda the Sneak (Troll Assassin)             Turns: 1549, Time: 00:12:15

Health: 0/42       AC:  6    Str: 19    XL:     4   Next: 19%
Magic:  3/3        EV:  5    Int:  7    God:    Fedhas [......]
Gold:   62         SH:  0    Dex: 12    Spells: 0 memorised, 3 levels left

rFire  . . .     SeeInvis .     u - +4 short sword (flame)
rCold  . . .     Gourm    +     c - +0 robe
rNeg   . . .     Faith    .     (no shield)
rPois  .         Spirit   .     (helmet restricted)
rElec  .         Dismiss  .     d - +0 cloak
rCorr  .         Reflect  .     (gloves unavailable)
SustAt .         Harm     .     (boots unavailable)
MR     .....                    (no amulet)
Stlth  ++........               (no ring)
                                (no ring)

@: not resistant to hostile enchantments, unstealthy
A: unfitting armour, claws 3, fast metabolism 3, gourmand, regeneration 2,
shaggy fur 1, tough skin 2
a: Renounce Religion


You were on level 3 of the Dungeon.
You worshipped Fedhas.
Fedhas was noncommittal.
You were not hungry.

You visited 1 branch of the dungeon, and saw 3 of its levels.

You collected 62 gold pieces.

Inventory:

Hand Weapons
 a - a +2 dagger
 b - a +0 blowgun
 m - a cursed -3 hunting sling
 u - a +4 short sword of flaming (weapon)
Missiles
 e - 7 poisoned needles
 f - 2 curare-tipped needles
Armour
 c - a +0 robe (worn)
 d - a +0 cloak (worn)
Scrolls
 i - a scroll of remove curse {unknown}
 j - 3 scrolls of identify {unknown}
 k - 2 scrolls of teleportation {unknown}
 o - a scroll of enchant armour {unknown}
 r - a scroll of blinking {unknown}
 s - a scroll of recharging {unknown}
 t - a scroll of immolation {unknown}
Potions
 h - 2 potions of curing {unknown}
 l - a potion of flight {unknown}
 n - a potion of lignification {unknown}
 q - a potion of brilliance {unknown}
Comestibles
 g - 2 bread rations
 p - 2 meat rations


   Skills:
 + Level 1.7 Fighting
 + Level 1.8 Short Blades
 + Level 2.0 Throwing
 + Level 2.4 Dodging
 + Level 2.8 Stealth


You had 3 spell levels left.
You didn't know any spells.

Dungeon Overview and Level Annotations

Branches:
Dungeon (3/15)

Altars:
Ashenzari
Elyvilon
Fedhas
Makhleb
Okawaru
Pakellas


Innate Abilities, Weirdness & Mutations

You are too large for most types of armour.
You have claws for hands.
Your metabolism is lightning-fast.
You like to eat raw meat.
You heal very quickly.
You are covered in fur (AC +1).
You have very tough skin (AC +2).


Message History

You barely miss the orc. The orc hits you but does no damage.
The orc barely misses you. The gnoll barely misses you. x2
The orc hits you with a short sword. The gnoll hits you but does no damage.
You closely miss the orc. The orc hits you with a short sword.
The orc barely misses you. The rat closely misses you.
The gnoll hits you but does no damage. The orc misses you. The gnoll hits you.
The gnoll hits you with a flail!
You barely miss the orc. The orc barely misses you.
The orc hits you but does no damage. The rat bites you.
The gnoll hits you but does no damage. The orc closely misses you.
The gnoll hits you.
* * * LOW HITPOINT WARNING * * *
The gnoll hits you with a flail!
* * * LOW HITPOINT WARNING * * *
The rat bites you but does no damage. The orc hits you but does no damage. x2
The gnoll hits you from afar with a spear.
* * * LOW HITPOINT WARNING * * *
The orc hits you but does no damage. The gnoll hits you.
You die...
Fedhas appreciates your contribution to the ecosystem.

### ..#
######.####
#.........#
#.........#
#....$....#
#....oog..#
#....r@...#
#....g.o..#
#...(..g<.#
#....>....#
#.........#
.......(...+
...........#
...#########


You could see 3 gnolls, 3 orcs and a rat.

Vanquished Creatures
  4 adders (D:2)
  A dart slug (D:2)
  A giant gecko (D:2)
  An orc (D:2)
  A ball python (D:2)
  6 bats
  3 goblins
  8 hobgoblins
  2 jackals (D:2)
  A quokka (D:2)
  4 giant newts
  5 kobolds
  2 rats
39 creatures vanquished.

Vanquished Creatures (others)
  4 toadstools (D:2)
4 creatures vanquished.

Grand Total: 43 creatures vanquished

Notes
Turn   | Place    | Note
--------------------------------------------------------------
     0 | D:1      | WhiskeyPanda the Troll Assassin began the quest for the Orb.
     0 | D:1      | Reached XP level 1. HP: 19/19 MP: 0/0
   170 | D:1      | Reached XP level 2. HP: 28/28 MP: 1/1
   199 | D:1      | Reached skill level 1 in Dodging
   581 | D:2      | Reached XP level 3. HP: 28/35 MP: 2/2
   652 | D:2      | Found a white marble altar of Elyvilon.
   725 | D:2      | Found a burning altar of Makhleb.
   728 | D:2      | Found a shattered altar of Ashenzari.
   797 | D:2      | Found an iron altar of Okawaru.
   799 | D:2      | Found an oddly glowing altar of Pakellas.
  1149 | D:2      | Found a blossoming altar of Fedhas.
  1213 | D:2      | Became a worshipper of Fedhas Madash
  1238 | D:2      | Reached XP level 4. HP: 42/42 MP: 3/3
  1549 | D:3      | Slain by a gnoll

Skill      XL: |  1  2  3 |
---------------+----------+-----
Dodging        | 1 2 |  2.4
Throwing       | 2 |  2.0
Fighting       | |  1.7
Short Blades   | |  1.8
Stealth        | |  2.8

Action                   |  1- 3 |  4- 6 || total
-------------------------+-------+-------++-------
Melee: Dagger            |   161 |    14 ||   175
       Short sword       |       |     3 ||     3
 Fire: Blowgun           |     4 |     1 ||     5
 Stab: Sleeping          |     1 |       ||     1
  Eat: Chunk             |     8 |     2 ||    10
       Bread ration      |     1 |       ||     1
Armor: Robe              |    86 |    10 ||    96
Dodge: Dodged            |    91 |    15 ||   106
